 Dungeon Crawl Stone Soup version 0.25-a0-1119-g28b6fd0c3b (webtiles) character file.

Game seed: 15434736727983183213, levelgen mode: deterministic

139 Lanoc the Skirmisher (level 5, -1/46 HPs)
             Began as a Centaur Abyssal Knight on May 17, 2020.
             Was a Believer of Lugonu.
             Slain by a hobgoblin
             ... wielding a cursed +0 club
              (4 damage)
             ... on level 3 of the Dungeon.
             The game lasted 00:05:14 (2759 turns).

Lanoc the Skirmisher (Centaur Abyssal Knight)       Turns: 2759, Time: 00:05:14

Health: -1/46      AC:  4    Str: 15    XL:     5   Next: 1%
Magic:  7/7        EV:  9    Int: 11    God:    Lugonu [**....]
Gold:   136        SH:  0    Dex:  9    Spells: 4/4 levels left

rFire    . . .     SeeInvis .   a - +1 spear
rCold    . . .     Gourm    .   (no shield)
rNeg     . . .     Faith    .   b - +0 leather armour
rPois    .         Spirit   .   (no helmet)
rElec    .         Reflect  .   (no cloak)
rCorr    .         Harm     .   (no gloves)
MR       .....                  (no barding)
Stlth    ..........             (no amulet)
HPRegen  0.15/turn              p - ring of flight
MPRegen  0.10/turn              r - ring of wizardry

@: very quick
A: large, hooves 3, deformed body, speed 2, tough skin 3
a: Depart the Abyss, Bend Space, Renounce Religion, Evoke Flight


You were on level 3 of the Dungeon.
You worshipped Lugonu.
Lugonu was pleased with you.
You were not hungry.

You visited 1 branch of the dungeon, and saw 3 of its levels.
You visited the Abyss 1 time.

You collected 136 gold pieces.

Inventory:

Hand Weapons
 a - a +1 spear (weapon)
Missiles
 m - 14 arrows
 n - 21 bolts
 o - 10 poisoned darts (quivered)
Armour
 b - a +0 leather armour (worn)
Jewellery
 p - a ring of flight (left hand)
 r - a ring of wizardry (right hand)
Scrolls
 d - 2 scrolls of teleportation {unknown}
 e - a scroll of amnesia {unknown}
 f - a scroll of enchant weapon {unknown}
 g - 2 scrolls of remove curse {unknown}
 k - a scroll of magic mapping {unknown}
 l - a scroll of identify {unknown}
 q - a scroll of random uselessness {unknown}
Potions
 i - a potion of brilliance {unknown}
 j - 2 potions of curing
Comestibles
 c - 4 rations


   Skills:
 + Level 3.6 Fighting
 * Level 3.2 Polearms
 - Level 1.3 Armour
 + Level 1.6 Dodging
 + Level 3.1 Invocations


You had 4 spell levels left.
You didn't know any spells.
Your spell library was empty.

Dungeon Overview and Level Annotations

Branches:
Dungeon (3/15)

Altars:


Innate Abilities, Weirdness & Mutations

You have hooves in place of feet.
Armour fits poorly on your strangely shaped body.
You cover ground very quickly.
You have extremely tough skin. (AC +3)


Message History

You throw a poisoned dart.
The poisoned dart closely misses the adder.
The poisoned dart hits the rat.
The rat is poisoned.
Things that are here:
3 poisoned darts; a jackal corpse x2
Lugonu accepts your kill.
You feel a bit more experienced.
You open the door. 2 goblins come into view.
The goblin shouts! x2; You hear an angry hiss.
There is an open door here.
A leopard gecko comes into view.
The leopard gecko hisses angrily.
The leopard gecko bites you.
* * * LOW HITPOINT WARNING * * *
The goblin closely misses you.
Found 15 gold pieces.
A hobgoblin comes into view. It is wielding a +0 club.
The hobgoblin hits you with a cursed +0 club.
You die...

#..# #..# ....
##..# .... #..#
#..# #g@# #..#
#.l# ####S.####
#........#
#.##.g.#.# ......
#..#.##.g.#.#
#.....
..........#.#
.....
.#........#.###.#
#...


You could see an adder, a leopard gecko, a hobgoblin and 2 goblins.

Vanquished Creatures
  Natasha (D:2)
  Robin (D:2)
  A gnoll (D:1)
  2 adders (D:2)
  3 worms (D:2)
  A dart slug (D:2)
  A leopard gecko (D:2)
  2 giant cockroaches
  11 goblins
  8 hobgoblins
  8 jackals
  A kobold (D:1)
  10 bats
  5 frilled lizards
  8 rats
63 creatures vanquished.

Notes
Turn   | Place    | Note
-------+----------+-------------------------------------------
     0 | Abyss:1  | Lanoc the Centaur Abyssal Knight began the quest for the
                  | Orb.
     0 | Abyss:1  | Reached XP level 1. HP: 19/19 MP: 2/2
   104 | Abyss:1  | Noticed a rust devil
   115 | Abyss:1  | Noticed a small abomination
   139 | Abyss:1  | Noticed a small abomination
   186 | Abyss:1  | Noticed an ancient zyme
   187 | D:1      | Escaped the Abyss
   455 | D:1      | Reached XP level 2. HP: 26/26 MP: 3/3
   524 | D:1      | Reached * piety under Lugonu
   628 | D:1      | Reached skill level 1 in Dodging
  1095 | D:1      | Reached XP level 3. HP: 3/31 MP: 4/4
  1729 | D:2      | Noticed Robin
  1769 | D:2      | Killed Robin
  1779 | D:2      | Reached XP level 4. HP: 31/38 MP: 4/6
  1782 | D:2      | Noticed Natasha
  1792 | D:2      | HP: 1/38 [Natasha/magic dart (7)]
  2080 | D:2      | Reached ** piety under Lugonu
  2264 | D:2      | Killed Natasha
  2650 | D:3      | Reached XP level 5. HP: 46/46 MP: 7/7
  2703 | D:3      | HP: 2/46 [poisoned by an adder]
  2708 | D:3      | HP: 2/46 [poisoned by an adder]
  2714 | D:3      | HP: 2/46 [poisoned by an adder]
  2719 | D:3      | HP: 1/46 [poisoned by an adder]
  2749 | D:3      | HP: 2/46 [leopard gecko (2)]
  2759 | D:3      | Slain by a hobgoblin

Illustrated notes

Levels and vault maps discovered:
D:1:      dpeg_arrival_leaves_temple_mockup, layout_loops_ring, grunt_decor_cap,
          glass_columns_a
D:2:      layout_basic, uniq_natasha, uniq_robin
D:3:      layout_basic, first_ration, kennysheep_generic_room_7

Skill      XL: |  1  2  3  4 |
---------------+-------------+-----
Polearms       | 2 3 |  3.2
Dodging        | 1 |  1.6
Invocations    | 3 |  3.1
Fighting       | |  3.6
Armour         | |  1.3

Action                   |  1- 3 |  4- 6 || total
-------------------------+-------+-------++-------
Melee: Spear             |   132 |    86 ||   218
       Kick              |    20 |    13 ||    33
Throw: Dart              |       |     6 ||     6
Invok: Depart the Abyss  |     1 |       ||     1
  Use: Potion            |       |     2 ||     2
  Eat: Chunk             |     2 |     3 ||     5
Armor: Leather armour    |    25 |    25 ||    50
Dodge: Dodged            |    39 |    30 ||    69

Table legend:
 A = Non-vault XP
 B = Vault XP
 C = Vault XP percentage of total XP
 D = Non-vault monster count
 E = Vault monster count
 F = Vault count percentage of total count
                 A         B        C        D         E       F
            +---------+---------+-------+---------+---------+-------
      Total |     131 |      68 |  34.2 |      51 |      12 |  19.0
            +---------+---------+-------+---------+---------+-------
        D:1 |      52 |       0 |   0.0 |      24 |       0 |   0.0
        D:2 |      72 |      68 |  48.6 |      23 |      12 |  34.3
        D:3 |       7 |       0 |   0.0 |       4 |       0 |   0.0
            +---------+---------+-------+---------+---------+-------
